 Seeded DCSS version 0.27.1-34-g3ba077fa99 (webtiles) character file.

Game seed: 12092574107127483836 (custom seed)

9 hikkokomori the Skirmisher (level 2, -2/32 HPs)
             Began as an Ogre Delver on Feb 4, 2022.
             Slain by a black bear (4 damage)
             ... in the Ecumenical Temple.
             The game lasted 00:00:57 (85 turns).

hikkokomori the Skirmisher (Ogre Delver)              Turns: 85, Time: 00:00:58

Health: -2/32      AC:  3    Str: 15    XL:     2   Next: 12%
Magic:  2/2        EV: 10    Int: 11    God:
Gold:   0          SH:  0    Dex: 10    Spells: 1/1 levels left

rFire    . . .     SeeInvis .   a - +0 mace
rCold    . . .     Faith    .   (no shield)
rNeg     . . .     Spirit   .   b - +0 robe
rPois    .         Reflect  .   (helmet restricted)
rElec    .         Harm     .   (no cloak)
rCorr    .         Rampage  .   (gloves unavailable)
Will     .....                  (boots unavailable)
Stlth    ++........             (no amulet)
HPRegen  0.10/turn              (no ring)
MPRegen  0.08/turn              (no ring)

@: no status effects
A: large, unfitting armour, tough skin 1
a: no special abilities


You were in the Ecumenical Temple.
You visited 2 branches of the dungeon, and saw 2 of its levels.

Inventory:

Hand Weapons
 a - a +0 mace (weapon)
Armour
 b - a +0 robe (worn)
Wands
 g - a wand of digging (3)
Scrolls
 c - a scroll of fog
 d - a scroll of magic mapping
 e - a scroll of fear
Potions
 f - a potion of haste


   Skills:
 + Level 4.2 Fighting
 + Level 2.0 Maces & Flails
 + Level 2.0 Dodging
 - Level 3.7 Stealth


You had one spell level left.
You didn't know any spells.
Your spell library was empty.

Dungeon Overview and Level Annotations

Branches:
Dungeon (5/15)             Temple (1/1) D:5

Altars:
Elyvilon
Fedhas


Innate Abilities, Weirdness & Mutations

You are too large for most types of armour.
You have tough skin. (AC +1)


Message History

Found a staircase to the Ecumenical Temple.
The shadow imp shouts, "Turn tail, thou puny roguish gonus!"
There is a staircase to the Ecumenical Temple here.
The black bear bites you. The black bear closely misses you.
The black bear barely misses you.
You climb downwards.
Welcome to the Ecumenical Temple!
Found a white marble altar of Elyvilon and a blossoming altar of Fedhas.
There is a staircase back to the Dungeon here.
You sock the black bear!
The black bear is moderately wounded.
The black bear barely misses you. The black bear misses you.
The black bear claws you. The black bear closely misses you.
The black bear claws you but does no damage.
The black bear claws you.
You hit the black bear but do no damage.
The black bear is moderately wounded.
The black bear bites you. The black bear claws you. x2
You hit the black bear.
The black bear is heavily wounded.
The black bear bites you. The black bear claws you.
The black bear closely misses you.
You hit the black bear.
The black bear is severely wounded.
The black bear closely misses you. The black bear barely misses you.
The black bear claws you.
* * * LOW HITPOINT WARNING * * *
The black bear bites you.
* * * LOW HITPOINT WARNING * * *
The black bear claws you.
* * * LOW HITPOINT WARNING * * *
The black bear barely misses you.
Unknown command.
You hit the black bear.
The black bear is severely wounded.
The black bear goes berserk!
Unknown command.
You sock the black bear!
The black bear is almost dead.
The black bear bites you.
You die...

... ._. ...
#.# #.#
##.##
...###...##
._.....@..#
...###.h.##
##.## ###


You could see a black bear (berserk).

Vanquished Creatures
  An adder (D:5)
1 creature vanquished.

Notes
Turn   | Place    | Note
-------+----------+-------------------------------------------
     0 | D:5      | hikkokomori the Ogre Delver began the quest for the Orb.
     0 | D:5      | Reached XP level 1. HP: 24/24 MP: 1/1
     3 | D:5      | Noticed a bullfrog
    41 | D:5      | Reached XP level 2. HP: 32/32 MP: 2/2
    43 | D:5      | Noticed a black bear
    70 | D:5      | Found a staircase to the Ecumenical Temple.
    79 | Temple   | Entered the Ecumenical Temple
    83 | Temple   | HP: 1/32 [black bear (3)]
    85 | Temple   | Slain by a black bear

Illustrated notes

Levels and vault maps discovered:
D:5:      layout_cave_pools, lemuel_temple_firewalk_a,
          chequers_serial_rivers_marsh
Temple:   minmay_crystal_snake_temple

Skill      XL: |  1 |
---------------+----+-----
Maces & Flails | 2 |  2.0
Dodging        | 2 |  2.0
Fighting       | |  4.2
Stealth        | |  3.7

Action                   || total
-------------------------++-------
Melee: Mace              ||     8
Armor: Robe              ||     4
Dodge: Dodged            ||    12
